 Dungeon Crawl Stone Soup version 0.28.0-45-g0d030f2227 (webtiles) character file.

Game seed: 7788845369863263752

212 101zpm the Gusty (level 5, 0/38 HPs)
             Began as a Gnoll Air Elementalist on Apr 23, 2022.
             Succumbed to a water moccasin's poison
             ... on level 4 of the Dungeon.
             The game lasted 00:03:18 (1539 turns).

101zpm the Gusty (Gnoll Air Elementalist)           Turns: 1539, Time: 00:03:19

Health: 0/38       AC:  2    Str:  8    XL:     5   Next: 90%
Magic:  2/12       EV: 13    Int: 16    God:
Gold:   56         SH:  0    Dex: 12    Spells: 13/14 levels left

rFire   . . .      SeeInvis .     - Unarmed
rCold   . . .      Faith    .   (no shield)
rNeg    . . .      Spirit   .   a - +0 robe
rPois   .          Reflect  .   (no helmet)
rElec   .          Harm     .   (no cloak)
rCorr   .          Rampage  .   (no gloves)
Will    .....      Rage     1%  (no boots)
Stlth   +++.......              (no amulet)
HPRegen 0.12/turn               (no ring)
MPRegen 0.13/turn               (no ring)

@: lethally poisoned (0 -> -13)
A: fangs 1, strong nose, distributed training, berserk 1, evolution 1, inability
to read while threatened
a: no special abilities


You were on level 4 of the Dungeon.
You visited 1 branch of the dungeon, and saw 4 of its levels.

You collected 56 gold pieces.

Inventory:

Armour
 a - a +0 robe (worn)
Scrolls
 b - 3 scrolls of identify {unknown}
 c - 2 scrolls of teleportation {unknown}
 d - a scroll of noise {unknown}
 e - a scroll of magic mapping {unknown}
Potions
 f - a potion of mutation


   Skills:
 + Level 1.6 Fighting
 + Level 1.6 Short Blades
 + Level 1.6 Long Blades
 + Level 1.6 Axes
 + Level 1.6 Maces & Flails
 + Level 1.6 Polearms
 + Level 1.6 Staves
 + Level 1.6 Slings
 + Level 1.6 Bows
 + Level 1.6 Crossbows
 + Level 1.6 Throwing
 + Level 1.6 Armour
 + Level 4.8 Dodging
 + Level 4.5 Stealth
 + Level 1.6 Shields
 + Level 1.6 Unarmed Combat
 + Level 5.2 Spellcasting
 + Level 2.5 Conjurations
 + Level 1.3 Hexes
 + Level 1.3 Summonings
 + Level 1.3 Necromancy
 + Level 1.3 Translocations
 + Level 1.3 Transmutations
 + Level 1.3 Fire Magic
 + Level 1.3 Ice Magic
 + Level 5.6 Air Magic
 + Level 1.3 Earth Magic
 + Level 1.3 Poison Magic
 + Level 1.9 Invocations
 + Level 1.6 Evocations


You had 13 spell levels left.
You knew the following spells:

 Your Spells              Type           Power      Damage    Failure   Level
a - Shock                 Conj/Air       68%        1d7       2%          1

Your spell library contained the following spells:

 Spells                   Type           Power      Damage    Failure   Level
 Static Discharge         Conj/Air       17%        N/A       4%          2
 Swiftness                Air            22%        N/A       4%          3
 Ensorcelled Hibernation  Hex/Ice        16%        N/A       13%         2
 Passwall                 Tmut/Erth      6%         N/A       13%         2
 Scorch                   Fire           16%        2d5       13%         2
 Airstrike                Air            11%        N/A       14%         4
 Flame Wave               Conj/Fire      10%        2d5       56%         4
 Summon Cactus Giant      Summ           4%         N/A       100%        6


Dungeon Overview and Level Annotations

Branches:
Dungeon (4/15)
 Temple: D:4-7

Altars:
Hepliaklqana
Wu Jian


Innate Abilities, Weirdness & Mutations

You have very sharp teeth.
Your uncanny sense of smell can sniff out nearby items.
Your experience applies equally to all skills.
You tend to lose your temper in combat.
You have hidden genetic potential.
You sometimes lose the ability to read scrolls when taking damage.


Message History

The water moccasin is almost dead.
The water moccasin bites you.
You are poisoned.
The water moccasin poisons you!
The water moccasin completely misses you.
Aiming: Shock (safe; 3% risk of failure)
Press: ? - help, Q - select action Shift-Dir - straight line, f/p - water moccasin
Aim: a water moccasin (severely wounded, 53% to hit)
The zap misses the water moccasin.
You feel very sick. The water moccasin bites you.
You are lethally poisoned!
The water moccasin poisons you!
Aiming: Shock (safe; 3% risk of failure)
Press: ? - help, Q - select action Shift-Dir - straight line, f/p - water moccasin
Aim: a water moccasin (severely wounded, 53% to hit)
The zap hits the water moccasin.
The water moccasin is almost dead.
You feel very sick. The water moccasin misses you.
Aiming: Shock (safe; 3% risk of failure)
Press: ? - help, Q - select action Shift-Dir - straight line, f/p - water moccasin
Aim: a water moccasin (almost dead, 53% to hit)
The zap hits the water moccasin!
You kill the water moccasin!
* * * LOW HITPOINT WARNING * * *
You feel very sick.
You have reached level 5!
There is a lethal amount of poison in your body!
There is a lethal amount of poison in your body!
There is a lethal amount of poison in your body!
There is a lethal amount of poison in your body!
There is a lethal amount of poison in your body!
It was a potion of mutation.
You feel extremely strange.
You lose the ability to read scrolls when threatened.
You feel a hidden potential growing inside you.
You feel a little pissed off.
* * * LOW HITPOINT WARNING * * *
You feel very sick.
You die...

.###.# .....# #( ####'##
#. ## ##...## #. ∆.#
##.....## ##.##.#
#.......## ##>....#
....)....####......#+#..
.........+..............
.........# #...@#
#...>...## ##.#.#
##.....## # #.# ##...##
#.# ##'## #.#
#.######### #.#
#.........# #.#
##.#######.# #.# ##...##
#.# #.#


There were no monsters in sight!

Vanquished Creatures
  A water moccasin (D:4)
  An orc priest (D:3)
  A jelly (D:4)
  A hound skeleton (D:3)
  An adder (D:4)
  A worm (D:3)
  2 dart slugs
  3 orcs (D:4)
  2 ball pythons (D:4)
  An endoplasm (D:4)
  A giant cockroach (D:4)
  3 goblins
  A hobgoblin (D:4)
  A kobold (D:4)
  2 quokkas (D:3)
  A rat (D:1)
  A spectral goblin (D:4)
24 creatures vanquished.

Notes
Turn   | Place    | Note
-------+----------+-------------------------------------------
     0 | D:1      | 101zpm the Gnoll Air Elementalist began the quest for the
                  | Orb.
     0 | D:1      | Reached XP level 1. HP: 13/13 MP: 6/6
   156 | D:3      | Reached XP level 2. HP: 12/20 MP: 0/7
   290 | D:3      | Found a faded altar of an unknown god.
   358 | D:3      | Found an ornate altar of the Wu Jian Council.
   579 | D:3      | Reached skill level 1 in Fighting
   579 | D:3      | Reached skill level 1 in Short Blades
   579 | D:3      | Reached skill level 1 in Long Blades
   579 | D:3      | Reached skill level 1 in Axes
   579 | D:3      | Reached skill level 1 in Maces & Flails
   579 | D:3      | Reached skill level 1 in Polearms
   579 | D:3      | Reached skill level 1 in Staves
   579 | D:3      | Reached skill level 1 in Slings
   579 | D:3      | Reached skill level 1 in Bows
   579 | D:3      | Reached skill level 1 in Crossbows
   579 | D:3      | Reached skill level 1 in Throwing
   579 | D:3      | Reached skill level 1 in Armour
   579 | D:3      | Reached skill level 1 in Shields
   579 | D:3      | Reached skill level 1 in Unarmed Combat
   579 | D:3      | Reached skill level 5 in Spellcasting
   579 | D:3      | Reached skill level 1 in Invocations
   579 | D:3      | Reached skill level 1 in Evocations
   579 | D:3      | Reached XP level 3. HP: 26/26 MP: 3/9
   759 | D:4      | Reached XP level 4. HP: 32/32 MP: 6/11
   972 | D:4      | Found a hazy altar of Hepliaklqana.
  1393 | D:4      | Reached skill level 1 in Hexes
  1393 | D:4      | Reached skill level 1 in Summonings
  1393 | D:4      | Reached skill level 1 in Necromancy
  1393 | D:4      | Reached skill level 1 in Translocations
  1393 | D:4      | Reached skill level 1 in Transmutations
  1393 | D:4      | Reached skill level 1 in Fire Magic
  1393 | D:4      | Reached skill level 1 in Ice Magic
  1393 | D:4      | Reached skill level 1 in Earth Magic
  1393 | D:4      | Reached skill level 1 in Poison Magic
  1527 | D:4      | Noticed a water moccasin
  1537 | D:4      | Killed a water moccasin
  1538 | D:4      | Reached XP level 5. HP: 7/38 MP: 2/12
  1538 | D:4      | Gained mutation: You sometimes lose the ability to read
                  | scrolls when taking damage. [potion of mutation]
  1538 | D:4      | Gained mutation: You have hidden genetic potential. [potion
                  | of mutation]
  1538 | D:4      | Gained mutation: You tend to lose your temper in combat.
                  | [potion of mutation]
  1539 | D:4      | Succumbed to a water moccasin's poison

Illustrated notes

Levels and vault maps discovered:
D:1:      tarquinn_simple_flora_water_c, layout_rooms,
          chequers_serial_rivers_small_3, nrook_uturn, corner_web_ring,
          minmay_3d_cube
D:2:      layout_loops_ring, basic_altar, kennysheep_pointless_box
D:3:      layout_basic, nzn_wu_jian_contemplation,
          dreamdust_ecumenical_altar_angels_and_demons
D:4:      layout_loops_corners, mainiacjoe_overflow_surrounded_room,
          nicolae_hepliaklqana_monster_ancestors

Skill      XL: |  1  2  3  4 |
---------------+-------------+-----
Conjurations   | 2 |  2.5
Fighting       | 1 |  1.6
Short Blades   | 1 |  1.6
Long Blades    | 1 |  1.6
Axes           | 1 |  1.6
Maces & Flails | 1 |  1.6
Polearms       | 1 |  1.6
Staves         | 1 |  1.6
Slings         | 1 |  1.6
Bows           | 1 |  1.6
Crossbows      | 1 |  1.6
Throwing       | 1 |  1.6
Armour         | 1 |  1.6
Shields        | 1 |  1.6
Unarmed Combat | 1 |  1.6
Spellcasting   | 5 |  5.2
Invocations    | 1 |  1.9
Evocations     | 1 |  1.6
Hexes          | 1 |  1.3
Summonings     | 1 |  1.3
Necromancy     | 1 |  1.3
Translocations | 1 |  1.3
Transmutations | 1 |  1.3
Fire Magic     | 1 |  1.3
Ice Magic      | 1 |  1.3
Earth Magic    | 1 |  1.3
Poison Magic   | 1 |  1.3
Dodging        | |  4.8
Stealth        | |  4.5
Air Magic      | |  5.6

Action                   |  1- 3 |  4- 6 || total
-------------------------+-------+-------++-------
 Cast: Shock             |    33 |    36 ||    69
  Use: Potion            |       |     1 ||     1
Armor: Robe              |     2 |     1 ||     3
Dodge: Dodged            |     7 |     6 ||    13
